 Dungeon Crawl Stone Soup version 0.17.1-1-g73c8601 (webtiles) character file.

1383 Ponchio the Destroyer (level 8, -2/41 HPs)
             Began as a Deep Elf Fire Elementalist on Dec 28, 2015.
             Was a Follower of Vehumet.
             Shot with an arrow of dispersal by a centaur (13 damage)
             ... on level 6 of the Dungeon on Dec 29, 2015.
             The game lasted 01:06:27 (8703 turns).

Ponchio the Destroyer (Deep Elf Fire Elementalist)  Turns: 8703, Time: 01:06:27

Health: -2/41      AC:  4    Str:  5    XL:     8   Next: 40%
Magic:  14/14      EV: 13    Int: 23    God:    Vehumet [*.....]
Gold:   269        SH:  0    Dex: 15    Spells: 2 memorised, 9 levels left

rFire  + . .     SeeInvis .     j - +1 whip
rCold  . . .     Clarity  .     a - +0 robe
rNeg   + . .     SustAt   .     (no shield)
rPois  .         Gourm    +     h - +0 helmet
rElec  .         Spirit   .     (no cloak)
rCorr  .         Warding  .     y - +0 pair of gloves
rMut   .         Stasis   .     (no boots)
MR     .....                    m - amulet of the gourmand
Stlth  ++........               t - ring of positive energy
                                d - ring of protection from fire

@: not resistant to hostile enchantments, unstealthy
A: no striking features
a: Renounce Religion


You were on level 6 of the Dungeon.
You worshipped Vehumet.
Vehumet was aware of your devotion.
You were not hungry.

You visited 2 branches of the dungeon, and saw 7 of its levels.
You also visited: Sewer.

You collected 269 gold pieces.

Inventory:

Hand Weapons
 j - a +1 whip (weapon)
Armour
 a - a +0 robe (worn)
 h - a +0 helmet (worn)
 y - a +0 pair of gloves (worn)
Jewellery
 d - a ring of protection from fire (left hand)
 m - an amulet of the gourmand (around neck)
 o - an uncursed ring of protection from cold
 t - a ring of positive energy (right hand)
 B - an uncursed ring of positive energy
Scrolls
 e - a scroll of amnesia
 f - a scroll of remove curse
 k - 4 scrolls of fear
 n - a scroll of recharging
 q - 2 scrolls of blinking
 s - a scroll of teleportation
Potions
 g - a potion of curing
 i - 2 potions of ambrosia
 p - a potion of resistance {unknown}
 r - 2 potions of invisibility {unknown}
 u - a potion of magic {unknown}
 w - a potion of degeneration {unknown}
 x - 2 potions of cure mutation
 z - a potion of heal wounds
 A - a potion of poison {unknown}
 D - 3 potions of brilliance
 G - a potion of agility {unknown}
Books
 b - a book of Flames

   Spells                             Type                      Level
   a - Flame Tongue                   Conjuration/Fire             1
   b - Throw Flame                    Conjuration/Fire             2
   c - Conjure Flame                  Conjuration/Fire             3
   d - Inner Flame                    Hexes/Fire                   3
   e - Sticky Flame                   Conjuration/Fire             4
   f - Fireball                       Conjuration/Fire             5
 v - a Young Poisoner's Handbook

   Spells                             Type                      Level
   a - Sting                          Conjuration/Poison           1
   b - Cure Poison                    Poison                       2
   c - Mephitic Cloud                 Conjuration/Poison/Air       3
   d - Olgreb's Toxic Radiance        Poison                       4
   e - Venom Bolt                     Conjuration/Poison           5
Comestibles
 c - 3 bread rations
 l - 5 meat rations
 C - 2 royal jellies
 E - a slice of pizza
 F - 3 fruits


   Skills:
 - Level 2.4 Dodging
 - Level 2.4 Stealth
 - Level 3.0 Spellcasting
 + Level 8.4 Conjurations
 - Level 4.1 Fire Magic
 - Level 4.6 Air Magic
 - Level 4.5 Poison Magic


You had 9 spell levels left.
You knew the following spells:

 Your Spells              Type           Power        Failure   Level  Hunger
a - Flame Tongue          Conj/Fire      ####.        1%          1    None
b - Mephitic Cloud        Conj/Pois/Air  ####....     3%          3    ###....


Dungeon Overview and Level Annotations

Branches:
Dungeon (6/15)             Temple (1/1) D:4

Altars:
Ashenzari
Cheibriados
Dithmenos
Elyvilon
Fedhas
Gozag
Kikubaaqudgha
Makhleb
Nemelex Xobeh
Okawaru
Qazlal
Ru
Sif Muna
Trog
Vehumet
Xom
Yredelemnul
Zin
The Shining One

Annotations:
D:4 Gargoyl's ghost, amateur DsAK
D:6 Pikel


Message History

You destroy the quokka skeleton!
Vehumet accepts your kill.
You start resting.
A centaur comes into view.
The centaur shouts!
The centaur wields a shortbow.
The centaur shoots an arrow of dispersal.
The arrow of dispersal closely misses you.
Casting: Flame Tongue
Confirm with . or Enter, or press ? or * to list all spells.
You can't see any susceptible monsters within range! (Use Z to cast anyway.)
The centaur shoots an arrow of dispersal.
The arrow of dispersal hits you!
You blink.
The centaur shoots an arrow of dispersal.
The arrow of dispersal hits you!
* * * LOW HITPOINT WARNING * * *
You blink.
The centaur shoots an arrow of dispersal.
The arrow of dispersal hits you!
You die...

##
################################.
#...........#..................#.
#....<......#..................#.
#....[......##....†##..........'.
#...........##.....##..#######'#.
'....##.....##.....#####......[..
#....##.....##.........#.........
#.....'.........@..§...#.........
##...##................#.........
##...##.....##.....##..#.........
.....##.....##.....#####....####.
............##.....##..#....#..'.
##...##.....#..........#....#..#.
.######.....#c.........#....#..#.
.# #.(....+..........#....#..#.
.# ##.....##.........#....#'##.


You could see a centaur.

Vanquished Creatures
  3 slaves
  An orc warrior (D:5)
  An ice beast (D:6)
  A sky beast (D:6)
  2 ogres
  A water moccasin zombie (D:6)
  A gnoll sergeant (D:5)
  3 scorpions
  A crimson imp (D:6)
  2 orc priests
  2 hounds
  An iguana (D:4)
  4 orc wizards
  3 worker ants
  A killer bee zombie (D:5)
  A hound zombie (D:6)
  8 gnolls
  4 river rats
  9 adders
  A shadow imp (D:5)
  An ooze (D:3)
  2 worms
  18 orcs
  3 giant cockroaches
  4 hobgoblins
  7 jackals
  3 quokkas
  4 ball pythons
  4 bats
  A giant cockroach zombie (D:6)
  13 giant newts
  8 goblins
  8 kobolds
  A quokka skeleton (D:6)
  A quokka zombie (D:5)
  15 rats
143 creatures vanquished.

Notes
Turn   | Place    | Note
--------------------------------------------------------------
     0 | D:1      | Ponchio the Deep Elf Fire Elementalist began the quest for the Orb.
     0 | D:1      | Reached XP level 1. HP: 10/10 MP: 6/6
   307 | D:1      | Reached XP level 2. HP: 15/15 MP: 5/8
   958 | D:2      | Found a deep blue altar of Sif Muna.
   970 | D:2      | Reached XP level 3. HP: 19/19 MP: 5/9
  1061 | D:2      | Reached skill level 4 in Fire Magic
  1633 | D:3      | Learned a level 3 spell: Mephitic Cloud
  1637 | D:3      | Learned a level 2 spell: Cure Poison
  1727 | D:3      | Found a shadowy altar of Dithmenos.
  1852 | D:3      | Reached XP level 4. HP: 24/24 MP: 4/10
  1919 | D:3      | Reached skill level 1 in Air Magic
  1921 | D:3      | Reached skill level 1 in Poison Magic
  2586 | D:4      | Reached XP level 5. HP: 23/28 MP: 4/11
  2731 | D:4      | Found a shattered altar of Ashenzari.
  2734 | D:4      | Found a glowing drain.
  2747 | D:4      | HP: 1/28 [rat (3)]
  2752 | Sewer    | Entered a sewer
  3556 | D:4      | Noticed Gargoyl's ghost (amateur DsAK)
  3737 | D:3      | Reached XP level 6. HP: 30/32 MP: 3/12
  4572 | D:4      | Found a staircase to the Ecumenical Temple.
  4587 | Temple   | Entered the Ecumenical Temple
  4612 | Temple   | Became a worshipper of Vehumet
  4988 | D:5      | Entered Level 5 of the Dungeon
  5047 | D:5      | Reached XP level 7. HP: 36/36 MP: 9/13
  5926 | D:5      | Reached skill level 5 in Conjurations
  6616 | D:5      | Reached skill level 6 in Conjurations
  6984 | D:6      | Reached * piety under Vehumet
  6984 | D:6      | Offered knowledge of Magic Dart by Vehumet.
  6984 | D:6      | Reached XP level 8. HP: 41/41 MP: 10/14
  7026 | D:6      | Found a burning altar of Makhleb.
  7047 | D:6      | Reached skill level 7 in Conjurations
  7050 | D:6      | Noticed Pikel
  7829 | D:6      | Reached skill level 8 in Conjurations
  8703 | D:6      | Shot with an arrow of dispersal by a centaur

Action                   |  1- 3 |  4- 6 |  7- 9 || total
-------------------------+-------+-------+-------++-------
Melee: Whip              |     3 |       |    46 ||    49
 Cast: Flame Tongue      |    70 |   143 |   167 ||   380
       Mephitic Cloud    |       |     1 |     7 ||     8
  Use: Scroll            |       |    12 |     5 ||    17
       Potion            |       |     1 |     2 ||     3
 Stab: Sleeping          |       |       |     1 ||     1
  Eat: Chunk             |     5 |     6 |    13 ||    24
       Beef jerky        |       |     1 |       ||     1
